Montreal Canadiens vs Quebec Nordiques
Created - Saturday, August 17, 2024 at 07:30
Goals
|
| Montreal Canadiens |
2 |
2 |
1 |
5 |
| Quebec Nordiques |
0 |
1 |
1 |
2 |
|
Shots
|
| Montreal Canadiens |
8 |
13 |
9 |
30 |
| Quebec Nordiques |
5 |
16 |
10 |
31 |
|
1st period
1. Montreal Canadiens , Jaden Schwartz 1 (Claude Giroux 2, Dylan Larkin 1) at 0:55
2. Montreal Canadiens , Jaden Schwartz 2 (Claude Giroux 3, Tyler Myers 2) at 19:39
Penalties :
Tyler Myers (MTL) for Tripping (Minor) at 1:45, Tyler Myers (MTL) for Cross-checking (Minor) at 4:07, Alexandre Carrier (MTL) for Interference (Minor) at 12:25, Michael Anderson (QUE) for High sticking (Minor) at 14:39
2nd period
3. Quebec Nordiques , Evander Kane 2 (J.J. Moser 1) at 2:39 (PP)
4. Montreal Canadiens , Dylan Larkin 2 (Juraj Slafkovsky 1) at 11:24
5. Montreal Canadiens , Juraj Slafkovsky 1 (Dylan Larkin 2, Ryan Lindgren 1) at 18:27
Penalties :
Damon Severson (MTL) for Tripping (Minor) at 0:44
3rd period
6. Montreal Canadiens , Adam Fox 1 (Vincent Trocheck 2, Dylan Larkin 3) at 0:57 (PP)
7. Quebec Nordiques , Trevor Zegras 2 (J.J. Moser 2) at 12:56 (PP)
Penalties :
Evander Kane (QUE) for High sticking (Minor) at 0:48, Justin Holl (QUE) for Delaying the game (Minor) at 9:14, Brady Skjei (MTL) for Hooking (Minor) at 12:49, Barrett Hayton (QUE) for Slashing (Minor) at 15:02
Goalie Stats
Jacob Markstrom (MTL), 29 saves from 31 shots - (0.935), W, 2-0-0, 60:00 minutes
Lukas Dostal (QUE), 25 saves from 30 shots - (0.833), L, 0-1-1, 60:00 minutes
Players Stats for Montreal Canadiens
Player Name G A P +/- PIM S H SB GA TA FO MP PP MP PK MP
------------------------------------------------------------------------------------
Adam Fox 1 0 1 2 0 2 3 5 1 3 0/0 27:23 2:57 5:07
Alexandre Carrier 0 0 0 1 2 0 1 0 0 0 0/0 13:08 0:00 0:42
Aliaksei Protas 0 0 0 0 0 0 0 1 0 0 0/0 6:51 0:00 0:00
Brady Skjei 0 0 0 1 2 2 0 2 0 1 0/0 23:04 2:57 4:07
Claude Giroux 0 2 2 2 0 3 1 0 0 0 6/10 17:41 3:04 3:46
Damon Severson 0 0 0 1 2 1 1 1 0 1 0/0 17:09 3:09 0:02
Dylan Larkin 1 3 4 2 0 4 1 1 1 1 10/16 19:25 3:01 4:13
Evgeni Dadonov 0 0 0 2 0 0 1 0 0 1 0/1 11:29 0:01 0:00
Jaden Schwartz 2 0 2 2 0 4 1 0 1 0 0/0 11:26 0:00 0:00
Jake Evans 0 0 0 0 0 0 2 0 1 0 2/3 11:06 0:00 4:13
Jonathan Marchessault 0 0 0 0 0 1 0 1 0 1 1/2 18:27 3:01 0:00
Juraj Slafkovsky 1 1 2 2 0 4 3 1 1 0 0/0 15:10 3:04 0:00
Martin Necas 0 0 0 0 0 2 0 0 0 0 0/0 15:29 0:04 0:00
Patrik Laine 0 0 0 2 0 2 0 0 0 0 0/2 16:05 3:02 0:00
Ryan Lindgren 0 1 1 2 0 1 1 1 0 1 0/0 21:15 0:00 4:21
Tyler Myers 0 1 1 1 4 0 1 1 0 0 0/0 18:00 3:09 1:39
Vincent Trocheck 0 1 1 0 0 3 2 1 3 1 13/24 21:57 3:01 3:46
Vladislav Namestnikov 0 0 0 0 0 1 0 0 0 0 0/0 6:51 0:00 0:00
Players Stats for Quebec Nordiques
Player Name G A P +/- PIM S H SB GA TA FO MP PP MP PK MP
------------------------------------------------------------------------------------
Anthony Duclair 0 0 0 -2 0 2 0 0 1 1 0/2 18:04 4:10 0:00
Anthony Mantha 0 0 0 0 0 1 0 0 0 0 0/0 17:15 3:40 0:00
Barrett Hayton 0 0 0 -1 2 4 2 0 3 0 3/4 14:33 0:12 1:57
Brent Burns 0 0 0 -1 0 3 3 0 0 0 0/0 25:17 3:45 2:55
Cole Perfetti 0 0 0 0 0 2 0 2 0 0 0/1 13:34 0:00 0:00
Connor Brown 0 0 0 -1 0 2 1 0 0 0 0/0 9:20 0:00 2:46
Evander Kane 1 0 1 -2 2 1 1 2 1 0 0/2 18:06 4:10 0:03
J.J. Moser 0 2 2 -1 0 3 2 4 0 3 0/0 25:17 3:45 2:55
Jonas Siegenthaler 0 0 0 -2 0 1 0 2 0 0 0/0 21:57 4:14 3:11
Jordan Greenway 0 0 0 -1 0 0 0 1 0 0 0/0 9:04 0:09 2:53
Justin Holl 0 0 0 -1 2 0 0 0 0 1 0/0 13:38 0:00 0:49
Juuso Valimaki 0 0 0 -1 0 0 1 0 0 0 0/0 13:00 0:00 0:14
Kirby Dach 0 0 0 -1 0 2 1 0 1 0 0/0 11:32 0:12 0:00
Marco Rossi 0 0 0 -1 0 2 2 1 1 1 6/12 14:56 3:37 0:00
Michael Anderson 0 0 0 -2 2 2 1 1 0 2 0/0 21:25 4:14 2:08
Ryan Poehling 0 0 0 -1 0 1 1 0 1 0 2/5 9:43 0:00 3:12
Shane Pinto 0 0 0 -2 0 3 0 0 1 0 10/20 18:51 4:10 0:18
Trevor Zegras 1 0 1 0 0 2 5 1 1 0 5/12 18:18 3:37 1:03
3 Stars
1 - Dylan Larkin (MTL)
2 - Jaden Schwartz (MTL)
3 - Juraj Slafkovsky (MTL)
Power Play
Montreal Canadiens - 1 on 4 Attempt(s) - 25.00%
Quebec Nordiques - 2 on 5 Attempt(s) - 40.00%
Penalty Kill
Montreal Canadiens - 3 on 5 Attempt(s) - 60.00%
- Score 0 goal in Penalty Kill
Quebec Nordiques - 3 on 4 Attempt(s) - 75.00%
- Score 0 goal in Penalty Kill
Team Stat
Montreal Canadiens - Hits : 18 - Faceoff Wins : 32 - Blocked Shots : 15 - Penalty Minutes : 10
Quebec Nordiques - Hits : 20 - Faceoff Wins : 26 - Blocked Shots : 14 - Penalty Minutes : 8
Official
Referees : Justin Kea and Brian Pochmara
Linesman : Ryan Gibbons and Mark Shewchyk
Game Notes
No Game Note
Finance
Level 1 -- Attendance: 4480 (74.67%) -- Ticket Income $448,000
Level 2 -- Attendance: 3825 (76.50%) -- Ticket Income $229,500
Level 3 -- Attendance: 2246 (74.87%) -- Ticket Income $78,610
Level 4 -- Attendance: 3607 (72.14%) -- Ticket Income $90,175
Luxury Box -- Attendance: 835 (83.50%) -- Ticket Income $167,000
Game was played at the Centre Videotron.
Total Attendance: 14993 (74.97%)
Total Ticket Income: $1,013,285
Other Income: $354,650
Total Income: $1,367,935
Montreal Canadiens
5 vs 5 Forward
Center Left Wing Right Wing Time % Phy DF OF
1 Vincent Trocheck Jonathan Marchessault Martin Necas 40 1 1 3
2 Dylan Larkin Patrik Laine Juraj Slafkovsky 30 1 1 3
3 Claude Giroux Jaden Schwartz Evgeni Dadonov 20 1 1 3
4 Jake Evans Vladislav Namestnikov Aliaksei Protas 10 1 1 3
5 vs 5 Defense
Defense Defense Time % Phy DF OF
1 Adam Fox Ryan Lindgren 35 1 3 1
2 Brady Skjei Damon Severson 30 1 3 1
3 Tyler Myers Alexandre Carrier 25 1 3 1
4 Adam Fox Brady Skjei 10 1 3 1
PowerPlay Forward
Center Left Wing Right Wing Time % Phy DF OF
1 Dylan Larkin Jonathan Marchessault Vincent Trocheck 50 0 1 4
2 Claude Giroux Patrik Laine Juraj Slafkovsky 50 0 1 4
PowerPlay Defense
Defense Defense Time % Phy DF OF
1 Adam Fox Brady Skjei 50 0 1 4
2 Tyler Myers Damon Severson 50 0 1 4
Penalty Kill 4 Players Forward
Center Wing Time % Phy DF OF
1 Vincent Trocheck Claude Giroux 50 1 3 1
2 Dylan Larkin Jake Evans 50 1 3 1
Penalty Kill 4 Players Defense
Defense Defense Time % Phy DF OF
1 Adam Fox Ryan Lindgren 50 1 3 1
2 Tyler Myers Brady Skjei 50 1 3 1
Penalty Kill - 3 Players Forward
Forward Time % Phy DF OF
1 Vincent Trocheck 50 1 4 0
2 Dylan Larkin 50 1 4 0
Penalty Kill - 3 Players Defense
Defense Defense Time % Phy DF OF
1 Adam Fox Ryan Lindgren 50 1 4 0
2 Tyler Myers Brady Skjei 50 1 4 0
4 vs 4 Forward
Center Wing Time % Phy DF OF
1 Vincent Trocheck Jonathan Marchessault 50 1 1 3
2 Dylan Larkin Patrik Laine 50 1 1 3
4 vs 4 Defense
Defense Defense Time % Phy DF OF
1 Adam Fox Brady Skjei 50 1 2 2
2 Tyler Myers Damon Severson 50 1 2 2
Last Minutes Offensive
Center Left Wing Right Wing Defense Defense
Dylan Larkin Jonathan Marchessault Vincent Trocheck Adam Fox Brady Skjei
Last Minutes Defensive
Center Left Wing Right Wing Defense Defense
Dylan Larkin Aliaksei Protas Vincent Trocheck Adam Fox Ryan Lindgren
Goaltenders
Starting : Jacob Markstrom
Backup : David Rittich
Extra Forwards
Normal : Vincent Trocheck, Dylan Larkin, Claude Giroux - PP : Martin Necas, Juraj Slafkovsky - PK : Jake Evans
Extra Defensemen
Normal : Adam Fox, Brady Skjei, Damon Severson - PP : Adam Fox - PK : Adam Fox, Brady Skjei
Penalty Shots
Patrik Laine, Vincent Trocheck, Claude Giroux, Jonathan Marchessault, Damon Severson
Scratches
Ilya Lyubushkin (Healthy), Luke Glendening (Healthy)
Quebec Nordiques
5 vs 5 Forward
Center Left Wing Right Wing Time % Phy DF OF
1 Shane Pinto Evander Kane Anthony Duclair 30 1 2 2
2 Trevor Zegras Cole Perfetti Anthony Mantha 30 1 2 2
3 Marco Rossi Barrett Hayton Kirby Dach 25 1 2 2
4 Ryan Poehling Connor Brown Jordan Greenway 15 1 2 2
5 vs 5 Defense
Defense Defense Time % Phy DF OF
1 Brent Burns J.J. Moser 30 1 2 2
2 Michael Anderson Jonas Siegenthaler 30 1 2 2
3 Juuso Valimaki Justin Holl 25 1 2 2
4 Brent Burns J.J. Moser 15 1 2 2
PowerPlay Forward
Center Left Wing Right Wing Time % Phy DF OF
1 Shane Pinto Evander Kane Anthony Duclair 50 1 2 2
2 Marco Rossi Trevor Zegras Anthony Mantha 50 1 2 2
PowerPlay Defense
Defense Defense Time % Phy DF OF
1 Brent Burns J.J. Moser 50 1 2 2
2 Michael Anderson Jonas Siegenthaler 50 1 2 2
Penalty Kill 4 Players Forward
Center Wing Time % Phy DF OF
1 Ryan Poehling Jordan Greenway 50 1 2 2
2 Barrett Hayton Connor Brown 50 1 2 2
Penalty Kill 4 Players Defense
Defense Defense Time % Phy DF OF
1 Brent Burns J.J. Moser 50 1 2 2
2 Michael Anderson Jonas Siegenthaler 50 1 2 2
Penalty Kill - 3 Players Forward
Forward Time % Phy DF OF
1 Ryan Poehling 50 1 2 2
2 Barrett Hayton 50 1 2 2
Penalty Kill - 3 Players Defense
Defense Defense Time % Phy DF OF
1 Brent Burns J.J. Moser 50 1 2 2
2 Michael Anderson Jonas Siegenthaler 50 1 2 2
4 vs 4 Forward
Center Wing Time % Phy DF OF
1 Evander Kane Shane Pinto 50 1 2 2
2 Jordan Greenway Anthony Duclair 50 1 2 2
4 vs 4 Defense
Defense Defense Time % Phy DF OF
1 Brent Burns J.J. Moser 50 1 2 2
2 Michael Anderson Jonas Siegenthaler 50 1 2 2
Last Minutes Offensive
Center Left Wing Right Wing Defense Defense
Shane Pinto Evander Kane Jordan Greenway Brent Burns J.J. Moser
Last Minutes Defensive
Center Left Wing Right Wing Defense Defense
Shane Pinto Evander Kane Jordan Greenway Brent Burns J.J. Moser
Goaltenders
Starting : Lukas Dostal
Backup : John Gibson
Extra Forwards
Normal : Marco Rossi, Trevor Zegras, Barrett Hayton - PP : Marco Rossi, Trevor Zegras - PK : Barrett Hayton
Extra Defensemen
Normal : Juuso Valimaki, Justin Holl, Michael Anderson - PP : Juuso Valimaki - PK : Justin Holl, Michael Anderson
Penalty Shots
Evander Kane, Shane Pinto, Jordan Greenway, Anthony Duclair, Anthony Mantha
Scratches
Michael McCarron (Healthy), Alexander Alexeyev (Healthy)
% Time on Ice - Montreal Canadiens
Lines # - Real PCT - Wanted PCT - Time Play
Normal Forward
1 - 34% - 40% - 15:28
2 - 26% - 30% - 12:10
3 - 25% - 20% - 11:26
4 - 15% - 10% - 6:51
Normal Defense
1 - 37% - 35% - 17:13
2 - 31% - 30% - 14:13
3 - 27% - 25% - 12:25
4 - 5% - 10% - 2:04
PP Forward
1 - 49% - 50% - 3:01
2 - 51% - 50% - 3:05
PP Defense
1 - 48% - 50% - 2:57
2 - 52% - 50% - 3:09
PK Forward
1 - 47% - 50% - 3:46
2 - 53% - 50% - 4:13
PK Defense
1 - 48% - 50% - 3:50
2 - 52% - 50% - 4:09
PK3 Forward
1 - 0% - 50%
2 - 0% - 50%
PK3 Defense
1 - 0% - 50%
2 - 0% - 50%
44 Forward
1 - 0% - 50%
2 - 0% - 50%
44 Defense
1 - 0% - 50%
2 - 0% - 50%
Last Minute Offensive - 0:00
Last Minute Defensive - 0:00
Total
Forward - 60:00
Defense - 60:00
|
% Time on Ice - Quebec Nordiques
Lines # - Real PCT - Wanted PCT - Time Play
Normal Forward
1 - 30% - 30% - 13:54
2 - 32% - 30% - 14:40
3 - 25% - 25% - 11:19
4 - 13% - 15% - 6:02
Normal Defense
1 - 31% - 30% - 14:04
2 - 32% - 30% - 14:32
3 - 28% - 25% - 12:46
4 - 10% - 15% - 4:33
PP Forward
1 - 52% - 50% - 4:10
2 - 48% - 50% - 3:49
PP Defense
1 - 47% - 50% - 3:45
2 - 53% - 50% - 4:14
PK Forward
1 - 47% - 50% - 2:53
2 - 53% - 50% - 3:13
PK Defense
1 - 48% - 50% - 2:55
2 - 52% - 50% - 3:11
PK3 Forward
1 - 0% - 50%
2 - 0% - 50%
PK3 Defense
1 - 0% - 50%
2 - 0% - 50%
44 Forward
1 - 0% - 50%
2 - 0% - 50%
44 Defense
1 - 0% - 50%
2 - 0% - 50%
Last Minute Offensive - 0:00
Last Minute Defensive - 0:00
Total
Forward - 60:00
Defense - 60:00
|
Play-by-Play
1st period
0:01 of 1st period - Vincent Trocheck wins face-off versus Shane Pinto in neutral zone.
0:41 of 1st period - Wrist shot by Dylan Larkin.
0:41 of 1st period - Stopped by Lukas Dostal with a rebound.
0:55 of 1st period - Snap shot by Jaden Schwartz.
0:55 of 1st period - Goal by Jaden Schwartz - Montreal Canadiens : 1 - Quebec Nordiques : 0.
0:56 of 1st period - Ryan Poehling wins face-off versus Jake Evans in neutral zone.
1:18 of 1st period - Icing by Ryan Poehling.
1:19 of 1st period - Claude Giroux wins face-off versus Marco Rossi in Quebec Nordiques zone.
1:45 of 1st period - Minor Penalty to Tyler Myers for Tripping.
1:46 of 1st period - Vincent Trocheck wins face-off versus Shane Pinto in Montreal Canadiens zone.
1:56 of 1st period - Wrist shot by Shane Pinto.
1:56 of 1st period - Deflect By Anthony Duclair.
1:56 of 1st period - Shot Blocked by Ryan Lindgren.
1:56 of 1st period - Puck is out of play.
1:57 of 1st period - Dylan Larkin wins face-off versus Marco Rossi in Montreal Canadiens zone.
2:23 of 1st period - Jake Evans is hit by Evander Kane.
3:45 of 1st period - Penalty to Tyler Myers is over, Tyler Myers is back on ice.
4:07 of 1st period - Minor Penalty to Tyler Myers for Cross-checking.
4:08 of 1st period - Marco Rossi wins face-off versus Dylan Larkin in Montreal Canadiens zone.
6:04 of 1st period - Claude Giroux is hit by Kirby Dach.
6:07 of 1st period - Penalty to Tyler Myers is over, Tyler Myers is back on ice.
6:19 of 1st period - Tyler Myers is hit by Ryan Poehling and loses puck.
7:00 of 1st period - Jordan Greenway is hit by Jaden Schwartz and loses puck.
7:23 of 1st period - Jonathan Marchessault is hit by Marco Rossi and loses puck.
7:42 of 1st period - J.J. Moser is hit by Adam Fox and loses puck.
8:41 of 1st period - Alexandre Carrier is hit by Brent Burns and loses puck.
9:13 of 1st period - Ryan Poehling is hit by Adam Fox and loses puck.
9:30 of 1st period - Wrist shot by Trevor Zegras.
9:30 of 1st period - Shot Misses the Net.
9:32 of 1st period - Snap shot by Anthony Mantha.
9:32 of 1st period - Shot Misses the Net.
10:44 of 1st period - Evander Kane is hit by Jake Evans and loses puck.
11:16 of 1st period - Snap shot by Jaden Schwartz.
11:16 of 1st period - Deflect By Claude Giroux.
11:16 of 1st period - Shot Blocked by Jonas Siegenthaler.
11:16 of 1st period - Puck is out of play.
11:17 of 1st period - Claude Giroux wins face-off versus Trevor Zegras in Quebec Nordiques zone.
11:18 of 1st period - Snap shot by Jaden Schwartz.
11:18 of 1st period - Shot Blocked by Jonas Siegenthaler.
11:28 of 1st period - Ryan Lindgren is hit by Trevor Zegras.
11:44 of 1st period - Snap shot by Martin Necas.
11:44 of 1st period - Shot Misses the Net.
11:50 of 1st period - Wrist shot by Vincent Trocheck.
11:50 of 1st period - Stopped by Lukas Dostal without a rebound.
11:51 of 1st period - Trevor Zegras wins face-off versus Vincent Trocheck in Quebec Nordiques zone.
11:58 of 1st period - Snap shot by Trevor Zegras.
11:58 of 1st period - Shot Blocked by Brady Skjei.
12:00 of 1st period - Slapshot by Brent Burns.
12:00 of 1st period - Shot Misses the Net.
12:02 of 1st period - Slapshot by J.J. Moser.
12:02 of 1st period - Deflect By Trevor Zegras.
12:02 of 1st period - Stopped by Jacob Markstrom with a rebound.
12:25 of 1st period - Minor Penalty to Alexandre Carrier for Interference.
12:26 of 1st period - Shane Pinto wins face-off versus Dylan Larkin in Montreal Canadiens zone.
12:31 of 1st period - Slapshot by Shane Pinto.
12:31 of 1st period - Shot Misses the Net.
12:33 of 1st period - Slapshot by Jonas Siegenthaler.
12:33 of 1st period - Stopped by Jacob Markstrom without a rebound.
12:34 of 1st period - Dylan Larkin wins face-off versus Anthony Duclair in Montreal Canadiens zone.
13:05 of 1st period - Wrist shot by Anthony Mantha.
13:05 of 1st period - Shot Misses the Net.
13:07 of 1st period - Slapshot by Michael Anderson.
13:07 of 1st period - Shot Blocked by Tyler Myers.
13:09 of 1st period - Snap shot by Michael Anderson.
13:09 of 1st period - Stopped by Jacob Markstrom with a rebound.
13:11 of 1st period - Wrist shot by Michael Anderson.
13:11 of 1st period - Shot Misses the Net.
13:13 of 1st period - Snap shot by Trevor Zegras.
13:13 of 1st period - Shot Misses the Net.
14:18 of 1st period - Dylan Larkin is hit by Trevor Zegras and loses puck.
14:25 of 1st period - Penalty to Alexandre Carrier is over, Alexandre Carrier is back on ice.
14:39 of 1st period - Minor Penalty to Michael Anderson for High sticking.
14:40 of 1st period - Claude Giroux wins face-off versus Ryan Poehling in Quebec Nordiques zone.
14:41 of 1st period - Slapshot by Juraj Slafkovsky.
14:41 of 1st period - Stopped by Lukas Dostal with a rebound.
14:45 of 1st period - Snap shot by Claude Giroux.
14:45 of 1st period - Deflect By Brent Burns.
14:45 of 1st period - Shot Misses the Net.
14:45 of 1st period - Puck is out of play.
14:46 of 1st period - Ryan Poehling wins face-off versus Claude Giroux in Quebec Nordiques zone.
14:55 of 1st period - Snap shot by Barrett Hayton.
14:55 of 1st period - Stopped by Jacob Markstrom without a rebound.
14:56 of 1st period - Barrett Hayton wins face-off versus Dylan Larkin in Montreal Canadiens zone.
15:07 of 1st period - Jonas Siegenthaler is hit by Vincent Trocheck and loses puck.
15:41 of 1st period - Backhand shot by Jordan Greenway.
15:41 of 1st period - Shot Blocked by Adam Fox.
16:39 of 1st period - Penalty to Michael Anderson is over, Michael Anderson is back on ice.
17:04 of 1st period - Snap shot by Jaden Schwartz.
17:04 of 1st period - Shot Misses the Net.
17:16 of 1st period - Shane Pinto is hit by Ryan Lindgren and loses puck.
17:35 of 1st period - Snap shot by Cole Perfetti.
17:35 of 1st period - Shot Misses the Net.
17:44 of 1st period - Icing by Trevor Zegras.
17:45 of 1st period - Jake Evans wins face-off versus Trevor Zegras in Quebec Nordiques zone.
17:54 of 1st period - Snap shot by Juraj Slafkovsky.
17:54 of 1st period - Stopped by Lukas Dostal without a rebound.
17:55 of 1st period - Shane Pinto wins face-off versus Dylan Larkin in Quebec Nordiques zone.
18:00 of 1st period - Wrist shot by Anthony Duclair.
18:00 of 1st period - Shot Blocked by Dylan Larkin.
18:08 of 1st period - Backhand shot by Adam Fox.
18:08 of 1st period - Deflect By Anthony Duclair.
18:08 of 1st period - Stopped by Lukas Dostal with a rebound.
18:30 of 1st period - Snap shot by Vincent Trocheck.
18:30 of 1st period - Shot Misses the Net.
18:32 of 1st period - Wrist shot by Ryan Lindgren.
18:32 of 1st period - Shot Blocked by Cole Perfetti.
18:38 of 1st period - Snap shot by Martin Necas.
18:38 of 1st period - Shot Misses the Net.
18:59 of 1st period - Wrist shot by Barrett Hayton.
18:59 of 1st period - Stopped by Jacob Markstrom without a rebound.
19:00 of 1st period - Vincent Trocheck wins face-off versus Shane Pinto in Montreal Canadiens zone.
19:12 of 1st period - Wrist shot by Martin Necas.
19:12 of 1st period - Shot Misses the Net.
19:26 of 1st period - Evander Kane is hit by Tyler Myers and loses puck.
19:37 of 1st period - Snap shot by Claude Giroux.
19:37 of 1st period - Shot Misses the Net.
19:39 of 1st period - Wrist shot by Jaden Schwartz.
19:39 of 1st period - Goal by Jaden Schwartz - Montreal Canadiens : 2 - Quebec Nordiques : 0.
19:40 of 1st period - Vincent Trocheck wins face-off versus Trevor Zegras in neutral zone.
19:51 of 1st period - Snap shot by Vincent Trocheck.
19:51 of 1st period - Stopped by Lukas Dostal with a rebound.
Goals for this period are 2 for Montreal Canadiens vs 0 for Quebec Nordiques.
Shots for this period are 8 for Montreal Canadiens vs 5 for Quebec Nordiques.
2nd period
0:01 of 2nd period - Vincent Trocheck wins face-off versus Marco Rossi in neutral zone.
0:06 of 2nd period - Vincent Trocheck is hit by Brent Burns and loses puck.
0:15 of 2nd period - Backhand shot by Marco Rossi.
0:15 of 2nd period - Shot Misses the Net.
0:34 of 2nd period - Jonathan Marchessault is hit by J.J. Moser.
0:38 of 2nd period - Backhand shot by Anthony Mantha.
0:38 of 2nd period - Shot Blocked by Damon Severson.
0:44 of 2nd period - Minor Penalty to Damon Severson for Tripping.
0:45 of 2nd period - Dylan Larkin wins face-off versus Evander Kane in Montreal Canadiens zone.
0:52 of 2nd period - Wrist shot by Shane Pinto.
0:52 of 2nd period - Stopped by Jacob Markstrom with a rebound.
0:54 of 2nd period - Snap shot by Evander Kane.
0:54 of 2nd period - Shot Misses the Net.
0:56 of 2nd period - Snap shot by Anthony Duclair.
0:56 of 2nd period - Stopped by Jacob Markstrom without a rebound.
0:57 of 2nd period - Marco Rossi wins face-off versus Vincent Trocheck in Montreal Canadiens zone.
1:28 of 2nd period - Wrist shot by Anthony Duclair.
1:28 of 2nd period - Shot Misses the Net.
1:30 of 2nd period - Wrist shot by Anthony Duclair.
1:30 of 2nd period - Stopped by Jacob Markstrom with a rebound.
1:32 of 2nd period - Wrist shot by Anthony Duclair.
1:32 of 2nd period - Deflect By Evander Kane.
1:32 of 2nd period - Shot Misses the Net.
1:32 of 2nd period - Puck is out of play.
1:33 of 2nd period - Marco Rossi wins face-off versus Dylan Larkin in Montreal Canadiens zone.
2:05 of 2nd period - Wrist shot by Michael Anderson.
2:05 of 2nd period - Stopped by Jacob Markstrom without a rebound.
2:06 of 2nd period - Dylan Larkin wins face-off versus Evander Kane in Montreal Canadiens zone.
2:39 of 2nd period - Snap shot by Evander Kane.
2:39 of 2nd period - Goal by Evander Kane - Montreal Canadiens : 2 - Quebec Nordiques : 1.
2:40 of 2nd period - Marco Rossi wins face-off versus Vincent Trocheck in neutral zone.
2:51 of 2nd period - Snap shot by Marco Rossi.
2:51 of 2nd period - Shot Misses the Net.
3:23 of 2nd period - Adam Fox is hit by Trevor Zegras and loses puck.
3:26 of 2nd period - Snap shot by Adam Fox.
3:26 of 2nd period - Shot Misses the Net.
3:28 of 2nd period - Slapshot by Juraj Slafkovsky.
3:28 of 2nd period - Deflect By Dylan Larkin.
3:28 of 2nd period - Shot Blocked by Trevor Zegras.
3:28 of 2nd period - Puck is out of play.
3:29 of 2nd period - Dylan Larkin wins face-off versus Shane Pinto in Quebec Nordiques zone.
4:08 of 2nd period - Jonas Siegenthaler is hit by Dylan Larkin.
4:09 of 2nd period - Icing by Jonas Siegenthaler.
4:10 of 2nd period - Shane Pinto wins face-off versus Vincent Trocheck in Quebec Nordiques zone.
4:17 of 2nd period - Slapshot by Evander Kane.
4:17 of 2nd period - Shot Misses the Net.
4:45 of 2nd period - Slapshot by Shane Pinto.
4:45 of 2nd period - Deflect By Evander Kane.
4:45 of 2nd period - Shot Blocked by Adam Fox.
4:45 of 2nd period - Puck is out of play.
4:46 of 2nd period - Jonathan Marchessault wins face-off versus Trevor Zegras in Montreal Canadiens zone.
5:44 of 2nd period - Snap shot by Claude Giroux.
5:44 of 2nd period - Shot Blocked by J.J. Moser.
6:29 of 2nd period - Wrist shot by Anthony Mantha.
6:29 of 2nd period - Stopped by Jacob Markstrom with a rebound.
7:02 of 2nd period - Snap shot by Barrett Hayton.
7:02 of 2nd period - Stopped by Jacob Markstrom without a rebound.
7:03 of 2nd period - Claude Giroux wins face-off versus Shane Pinto in Montreal Canadiens zone.
8:47 of 2nd period - Slapshot by Shane Pinto.
8:47 of 2nd period - Stopped by Jacob Markstrom without a rebound.
8:48 of 2nd period - Trevor Zegras wins face-off versus Vincent Trocheck in Montreal Canadiens zone.
8:49 of 2nd period - Slapshot by Cole Perfetti.
8:49 of 2nd period - Stopped by Jacob Markstrom with a rebound.
9:26 of 2nd period - Snap shot by Anthony Duclair.
9:26 of 2nd period - Deflect By Shane Pinto.
9:26 of 2nd period - Stopped by Jacob Markstrom without a rebound.
9:27 of 2nd period - Marco Rossi wins face-off versus Vincent Trocheck in Montreal Canadiens zone.
9:28 of 2nd period - Wrist shot by Barrett Hayton.
9:28 of 2nd period - Shot Misses the Net.
9:34 of 2nd period - Snap shot by Barrett Hayton.
9:34 of 2nd period - Shot Misses the Net.
9:38 of 2nd period - Snap shot by Barrett Hayton.
9:38 of 2nd period - Shot Misses the Net.
9:40 of 2nd period - Slapshot by J.J. Moser.
9:40 of 2nd period - Stopped by Jacob Markstrom with a rebound.
9:42 of 2nd period - Snap shot by Kirby Dach.
9:42 of 2nd period - Stopped by Jacob Markstrom with a rebound.
9:59 of 2nd period - Brent Burns is hit by Vincent Trocheck and loses puck.
10:26 of 2nd period - Snap shot by Dylan Larkin.
10:26 of 2nd period - Stopped by Lukas Dostal with a rebound.
10:36 of 2nd period - Jaden Schwartz is hit by Connor Brown and loses puck.
10:45 of 2nd period - Backhand shot by Claude Giroux.
10:45 of 2nd period - Stopped by Lukas Dostal with a rebound.
10:57 of 2nd period - Damon Severson is hit by Barrett Hayton and loses puck.
11:04 of 2nd period - Jonas Siegenthaler is hit by Jake Evans and loses puck.
11:16 of 2nd period - Icing by Jonas Siegenthaler.
11:17 of 2nd period - Dylan Larkin wins face-off versus Anthony Duclair in Quebec Nordiques zone.
11:20 of 2nd period - Snap shot by Dylan Larkin.
11:20 of 2nd period - Shot Misses the Net.
11:22 of 2nd period - Snap shot by Juraj Slafkovsky.
11:22 of 2nd period - Shot Misses the Net.
11:24 of 2nd period - Snap shot by Dylan Larkin.
11:24 of 2nd period - Goal by Dylan Larkin - Montreal Canadiens : 3 - Quebec Nordiques : 1.
11:25 of 2nd period - Trevor Zegras wins face-off versus Vincent Trocheck in neutral zone.
11:28 of 2nd period - Snap shot by Brent Burns.
11:28 of 2nd period - Stopped by Jacob Markstrom with a rebound.
11:30 of 2nd period - Slapshot by Brent Burns.
11:30 of 2nd period - Stopped by Jacob Markstrom with a rebound.
11:32 of 2nd period - Snap shot by Cole Perfetti.
11:32 of 2nd period - Shot Misses the Net.
11:34 of 2nd period - Wrist shot by Trevor Zegras.
11:34 of 2nd period - Shot Misses the Net.
11:36 of 2nd period - Wrist shot by J.J. Moser.
11:36 of 2nd period - Shot Blocked by Vincent Trocheck.
11:38 of 2nd period - Slapshot by J.J. Moser.
11:38 of 2nd period - Stopped by Jacob Markstrom with a rebound.
12:19 of 2nd period - Snap shot by Barrett Hayton.
12:19 of 2nd period - Shot Misses the Net.
12:34 of 2nd period - Slapshot by Adam Fox.
12:34 of 2nd period - Shot Misses the Net.
13:01 of 2nd period - Slapshot by Martin Necas.
13:01 of 2nd period - Stopped by Lukas Dostal without a rebound.
13:02 of 2nd period - Shane Pinto wins face-off versus Dylan Larkin in Quebec Nordiques zone.
13:49 of 2nd period - Slapshot by Brady Skjei.
13:49 of 2nd period - Shot Misses the Net.
13:51 of 2nd period - Snap shot by Jake Evans.
13:51 of 2nd period - Shot Blocked by J.J. Moser.
13:53 of 2nd period - Slapshot by Brady Skjei.
13:53 of 2nd period - Stopped by Lukas Dostal with a rebound.
13:55 of 2nd period - Slapshot by Damon Severson.
13:55 of 2nd period - Shot Blocked by J.J. Moser.
13:57 of 2nd period - Slapshot by Damon Severson.
13:57 of 2nd period - Shot Blocked by Marco Rossi.
14:29 of 2nd period - Off-side.
14:30 of 2nd period - Shane Pinto wins face-off versus Claude Giroux in neutral zone.
14:39 of 2nd period - Backhand shot by Evander Kane.
14:39 of 2nd period - Shot Misses the Net.
16:02 of 2nd period - Slapshot by Jaden Schwartz.
16:02 of 2nd period - Stopped by Lukas Dostal with a rebound.
16:04 of 2nd period - Slapshot by Jaden Schwartz.
16:04 of 2nd period - Shot Blocked by Evander Kane.
16:06 of 2nd period - Snap shot by Claude Giroux.
16:06 of 2nd period - Stopped by Lukas Dostal without a rebound.
16:07 of 2nd period - Vincent Trocheck wins face-off versus Trevor Zegras in Quebec Nordiques zone.
16:18 of 2nd period - Snap shot by Martin Necas.
16:18 of 2nd period - Stopped by Lukas Dostal with a rebound.
16:20 of 2nd period - Slapshot by Damon Severson.
16:20 of 2nd period - Stopped by Lukas Dostal without a rebound.
16:21 of 2nd period - Vincent Trocheck wins face-off versus Shane Pinto in Quebec Nordiques zone.
16:24 of 2nd period - Snap shot by Martin Necas.
16:24 of 2nd period - Shot Blocked by Evander Kane.
16:58 of 2nd period - Slapshot by Adam Fox.
16:58 of 2nd period - Shot Misses the Net.
17:58 of 2nd period - Wrist shot by Ryan Poehling.
17:58 of 2nd period - Deflect By Connor Brown.
17:58 of 2nd period - Stopped by Jacob Markstrom with a rebound.
18:19 of 2nd period - Snap shot by Dylan Larkin.
18:19 of 2nd period - Shot Misses the Net.
18:21 of 2nd period - Slapshot by Adam Fox.
18:21 of 2nd period - Shot Blocked by J.J. Moser.
18:23 of 2nd period - Wrist shot by Ryan Lindgren.
18:23 of 2nd period - Stopped by Lukas Dostal with a rebound.
18:25 of 2nd period - Slapshot by Dylan Larkin.
18:25 of 2nd period - Shot Blocked by Jordan Greenway.
18:27 of 2nd period - Slapshot by Juraj Slafkovsky.
18:27 of 2nd period - Goal by Juraj Slafkovsky - Montreal Canadiens : 4 - Quebec Nordiques : 1.
18:28 of 2nd period - Vincent Trocheck wins face-off versus Trevor Zegras in neutral zone.
18:36 of 2nd period - Snap shot by Jonathan Marchessault.
18:36 of 2nd period - Stopped by Lukas Dostal with a rebound.
18:44 of 2nd period - Wrist shot by Jonathan Marchessault.
18:44 of 2nd period - Shot Blocked by Michael Anderson.
19:19 of 2nd period - Slapshot by Jaden Schwartz.
19:19 of 2nd period - Shot Misses the Net.
19:21 of 2nd period - Snap shot by Claude Giroux.
19:21 of 2nd period - Stopped by Lukas Dostal without a rebound.
19:22 of 2nd period - Vincent Trocheck wins face-off versus Marco Rossi in Quebec Nordiques zone.
19:27 of 2nd period - Snap shot by Jonathan Marchessault.
19:27 of 2nd period - Shot Misses the Net.
Goals for this period are 2 for Montreal Canadiens vs 1 for Quebec Nordiques.
Shots for this period are 13 for Montreal Canadiens vs 16 for Quebec Nordiques.
3rd period
0:01 of 3rd period - Vincent Trocheck wins face-off versus Trevor Zegras in neutral zone.
0:22 of 3rd period - Brent Burns is hit by Damon Severson and loses puck.
0:39 of 3rd period - Backhand shot by Jaden Schwartz.
0:39 of 3rd period - Shot Misses the Net.
0:41 of 3rd period - Snap shot by Jaden Schwartz.
0:41 of 3rd period - Shot Blocked by Cole Perfetti.
0:43 of 3rd period - Slapshot by Brady Skjei.
0:43 of 3rd period - Shot Misses the Net.
0:45 of 3rd period - Snap shot by Brady Skjei.
0:45 of 3rd period - Stopped by Lukas Dostal without a rebound.
0:46 of 3rd period - Shane Pinto wins face-off versus Patrik Laine in Quebec Nordiques zone.
0:48 of 3rd period - Minor Penalty to Evander Kane for High sticking.
0:49 of 3rd period - Dylan Larkin wins face-off versus Ryan Poehling in Quebec Nordiques zone.
0:53 of 3rd period - Snap shot by Vincent Trocheck.
0:53 of 3rd period - Stopped by Lukas Dostal with a rebound.
0:55 of 3rd period - Wrist shot by Vincent Trocheck.
0:55 of 3rd period - Shot Misses the Net.
0:57 of 3rd period - Snap shot by Adam Fox.
0:57 of 3rd period - Goal by Adam Fox - Montreal Canadiens : 5 - Quebec Nordiques : 1.
0:58 of 3rd period - Shane Pinto wins face-off versus Jonathan Marchessault in neutral zone.
1:58 of 3rd period - Damon Severson is hit by J.J. Moser and loses puck.
2:14 of 3rd period - Icing by Evgeni Dadonov.
2:15 of 3rd period - Claude Giroux wins face-off versus Shane Pinto in Montreal Canadiens zone.
2:22 of 3rd period - Wrist shot by Jaden Schwartz.
2:22 of 3rd period - Stopped by Lukas Dostal without a rebound.
2:23 of 3rd period - Vincent Trocheck wins face-off versus Shane Pinto in Quebec Nordiques zone.
2:48 of 3rd period - Snap shot by Marco Rossi.
2:48 of 3rd period - Stopped by Jacob Markstrom without a rebound.
2:49 of 3rd period - Dylan Larkin wins face-off versus Marco Rossi in Montreal Canadiens zone.
3:19 of 3rd period - Vincent Trocheck is hit by Juuso Valimaki and loses puck.
3:40 of 3rd period - Snap shot by Vladislav Namestnikov.
3:40 of 3rd period - Stopped by Lukas Dostal with a rebound.
3:48 of 3rd period - Wrist shot by Jake Evans.
3:48 of 3rd period - Shot Misses the Net.
4:40 of 3rd period - Wrist shot by Ryan Poehling.
4:40 of 3rd period - Stopped by Jacob Markstrom with a rebound.
4:42 of 3rd period - Snap shot by Ryan Poehling.
4:42 of 3rd period - Shot Blocked by Jonathan Marchessault.
4:44 of 3rd period - Slapshot by J.J. Moser.
4:44 of 3rd period - Shot Misses the Net.
4:46 of 3rd period - Slapshot by J.J. Moser.
4:46 of 3rd period - Deflect By Connor Brown.
4:46 of 3rd period - Stopped by Jacob Markstrom with a rebound.
4:48 of 3rd period - Slapshot by J.J. Moser.
4:48 of 3rd period - Stopped by Jacob Markstrom without a rebound.
4:49 of 3rd period - Dylan Larkin wins face-off versus Shane Pinto in Montreal Canadiens zone.
4:54 of 3rd period - Slapshot by Brady Skjei.
4:54 of 3rd period - Shot Misses the Net.
5:16 of 3rd period - Damon Severson is hit by Michael Anderson.
5:39 of 3rd period - Claude Giroux is hit by Marco Rossi.
5:45 of 3rd period - Brent Burns is hit by Claude Giroux and loses puck.
5:56 of 3rd period - Snap shot by Brent Burns.
5:56 of 3rd period - Stopped by Jacob Markstrom without a rebound.
5:57 of 3rd period - Jake Evans wins face-off versus Ryan Poehling in Montreal Canadiens zone.
6:04 of 3rd period - Slapshot by Jordan Greenway.
6:04 of 3rd period - Shot Blocked by Aliaksei Protas.
7:14 of 3rd period - Snap shot by Barrett Hayton.
7:14 of 3rd period - Stopped by Jacob Markstrom with a rebound.
7:16 of 3rd period - Slapshot by Kirby Dach.
7:16 of 3rd period - Stopped by Jacob Markstrom without a rebound.
7:17 of 3rd period - Shane Pinto wins face-off versus Vincent Trocheck in Montreal Canadiens zone.
7:20 of 3rd period - Snap shot by Evander Kane.
7:20 of 3rd period - Shot Hit the Post.
7:22 of 3rd period - Slapshot by J.J. Moser.
7:22 of 3rd period - Shot Blocked by Adam Fox.
7:24 of 3rd period - Slapshot by J.J. Moser.
7:24 of 3rd period - Shot Blocked by Adam Fox.
7:26 of 3rd period - Slapshot by Shane Pinto.
7:26 of 3rd period - Shot Blocked by Adam Fox.
7:28 of 3rd period - Slapshot by Shane Pinto.
7:28 of 3rd period - Shot Misses the Net.
7:44 of 3rd period - Patrik Laine is hit by Brent Burns and loses puck.
8:11 of 3rd period - Wrist shot by Marco Rossi.
8:11 of 3rd period - Stopped by Jacob Markstrom without a rebound.
8:12 of 3rd period - Vincent Trocheck wins face-off versus Shane Pinto in Montreal Canadiens zone.
9:14 of 3rd period - Minor Penalty to Justin Holl for Delaying the game.
9:15 of 3rd period - Barrett Hayton wins face-off versus Claude Giroux in Quebec Nordiques zone.
9:15 of 3rd period - Barrett Hayton is hit by Juraj Slafkovsky.
9:21 of 3rd period - Wrist shot by Jordan Greenway.
9:21 of 3rd period - Shot Misses the Net.
9:27 of 3rd period - Jonas Siegenthaler is hit by Juraj Slafkovsky and loses puck.
9:42 of 3rd period - Vincent Trocheck is hit by Barrett Hayton and loses puck.
11:14 of 3rd period - Penalty to Justin Holl is over, Justin Holl is back on ice.
11:31 of 3rd period - Snap shot by Evander Kane.
11:31 of 3rd period - Shot Misses the Net.
11:33 of 3rd period - Slapshot by Anthony Duclair.
11:33 of 3rd period - Shot Blocked by Brady Skjei.
11:43 of 3rd period - Adam Fox is hit by Trevor Zegras and loses puck.
12:06 of 3rd period - Snap shot by Shane Pinto.
12:06 of 3rd period - Deflect By Evander Kane.
12:06 of 3rd period - Deflect By Evgeni Dadonov.
12:06 of 3rd period - Shot Misses the Net.
12:06 of 3rd period - Puck is out of play.
12:07 of 3rd period - Shane Pinto wins face-off versus Patrik Laine in Montreal Canadiens zone.
12:21 of 3rd period - Jonas Siegenthaler is hit by Evgeni Dadonov and loses puck.
12:32 of 3rd period - Vladislav Namestnikov is hit by Trevor Zegras and loses puck.
12:49 of 3rd period - Minor Penalty to Brady Skjei for Hooking.
12:50 of 3rd period - Vincent Trocheck wins face-off versus Marco Rossi in Montreal Canadiens zone.
12:56 of 3rd period - Snap shot by Trevor Zegras.
12:56 of 3rd period - Goal by Trevor Zegras - Montreal Canadiens : 5 - Quebec Nordiques : 2.
12:57 of 3rd period - Marco Rossi wins face-off versus Vincent Trocheck in neutral zone.
13:46 of 3rd period - Wrist shot by Cole Perfetti.
13:46 of 3rd period - Stopped by Jacob Markstrom without a rebound.
13:47 of 3rd period - Trevor Zegras wins face-off versus Evgeni Dadonov in Montreal Canadiens zone.
14:01 of 3rd period - Wrist shot by Anthony Mantha.
14:01 of 3rd period - Shot Misses the Net.
14:41 of 3rd period - Snap shot by Patrik Laine.
14:41 of 3rd period - Shot Misses the Net.
14:43 of 3rd period - Snap shot by Dylan Larkin.
14:43 of 3rd period - Stopped by Lukas Dostal without a rebound.
14:44 of 3rd period - Barrett Hayton wins face-off versus Vincent Trocheck in Quebec Nordiques zone.
14:51 of 3rd period - Slapshot by Barrett Hayton.
14:51 of 3rd period - Shot Misses the Net.
15:02 of 3rd period - Minor Penalty to Barrett Hayton for Slashing.
15:03 of 3rd period - Trevor Zegras wins face-off versus Claude Giroux in Quebec Nordiques zone.
15:49 of 3rd period - Jonas Siegenthaler is hit by Juraj Slafkovsky and loses puck.
17:02 of 3rd period - Penalty to Barrett Hayton is over, Barrett Hayton is back on ice.
17:11 of 3rd period - Wrist shot by Barrett Hayton.
17:11 of 3rd period - Shot Misses the Net.
17:30 of 3rd period - Off-side.
17:31 of 3rd period - Claude Giroux wins face-off versus Cole Perfetti in neutral zone.
17:54 of 3rd period - Anthony Mantha is hit by Alexandre Carrier.
18:06 of 3rd period - Wrist shot by Patrik Laine.
18:06 of 3rd period - Stopped by Lukas Dostal without a rebound.
18:07 of 3rd period - Dylan Larkin wins face-off versus Barrett Hayton in Quebec Nordiques zone.
18:08 of 3rd period - Slapshot by Patrik Laine.
18:08 of 3rd period - Stopped by Lukas Dostal with a rebound.
18:10 of 3rd period - Wrist shot by Juraj Slafkovsky.
18:10 of 3rd period - Stopped by Lukas Dostal without a rebound.
18:11 of 3rd period - Shane Pinto wins face-off versus Vincent Trocheck in Quebec Nordiques zone.
19:15 of 3rd period - Anthony Mantha is hit by Adam Fox.
19:59 of 3rd period - Wrist shot by Barrett Hayton.
19:59 of 3rd period - Shot Blocked by Juraj Slafkovsky.
Goals for this period are 1 for Montreal Canadiens vs 1 for Quebec Nordiques.
Shots for this period are 9 for Montreal Canadiens vs 10 for Quebec Nordiques.
Back to the Top